 Dungeon Crawl Stone Soup version 0.18.1-50-g88ac8fd (webtiles) character file.

1073 lorenzova the Ducker (level 8, -2/65 HPs)
             Began as a Merfolk Skald on Oct 18, 2016.
             Slain by Pikel
             ... wielding a +0 whip of electrocution
              (3 damage)
             ... on level 5 of the Dungeon.
             The game lasted 00:16:13 (6856 turns).

lorenzova the Ducker (Merfolk Skald)                Turns: 6856, Time: 00:16:14

Health: -2/65      AC:  6    Str: 14    XL:     8   Next: 29%
Magic:  6/13       EV: 14    Int: 11    God:
Gold:   8          SH:  0    Dex: 14    Spells: 3 memorised, 8 levels left

rFire  . . .     SeeInvis .     p - +2 spear (vamp)
rCold  . . .     Gourm    .     r - +0 ring mail
rNeg   . . .     Faith    .     (no shield)
rPois  .         Spirit   .     (no helmet)
rElec  .         Dismiss  .     (no cloak)
rCorr  +         Reflect  .     (no gloves)
SustAt .         Harm     .     x - +0 pair of boots
MR     .....                    (no amulet)
Stlth  +.........               (no ring)
                                l - ring of resist corrosion

@: not resistant to hostile enchantments, very unstealthy
A: change form in water, swift swim
a: no special abilities


You were on level 5 of the Dungeon.
You were not hungry.

You visited 1 branch of the dungeon, and saw 5 of its levels.

You collected 278 gold pieces.
You spent 270 gold pieces at shops.

Inventory:

Hand Weapons
 a - a +0 spear
 p - a +2 vampiric spear (weapon)
Armour
 b - a +0 leather armour
 r - a +0 ring mail (worn)
 x - a +0 pair of boots (worn)
Rods
 t - a -1 iron rod (11/11)
   (You found it on level 4 of the Dungeon)
Jewellery
 l - a ring of resist corrosion (left hand)
Scrolls
 e - 3 scrolls of enchant armour
 h - a scroll of recharging
 k - a scroll of acquirement {unknown}
 n - 2 scrolls of remove curse
 q - a scroll of teleportation
 v - a scroll of amnesia
Potions
 i - a potion of haste
 o - a potion of brilliance
 s - a potion of agility
 u - a potion of curing
 w - a potion of resistance
Books
 c - a book of Battle

   Spells                             Type                      Level
   a - Infusion                       Charms                       1
   b - Shroud of Golubria             Charms/Translocation         2
   c - Song of Slaying                Charms                       2
   d - Spectral Weapon                Hexes/Charms                 3
   e - Regeneration                   Charms/Necromancy            3
Comestibles
 d - 3 bread rations
 f - 2 beef jerkies
 g - 2 fruits
 m - 2 slices of pizza
 z - 2 meat rations


   Skills:
 - Level 6.5 Fighting
 + Level 4.0 Polearms
 - Level 0.6 Armour
 - Level 7.7 Dodging
 * Level 3.4 Spellcasting
 * Level 4.5 Charms


You had 8 spell levels left.
You knew the following spells:

 Your Spells              Type           Power        Failure   Level  Hunger
a - Infusion              Chrm           ##..         12%         1    #......
b - Song of Slaying       Chrm           ##......     14%         2    ###....
c - Shroud of Golubria    Chrm/Tloc      #.........   34%         2    ###....


Dungeon Overview and Level Annotations

Branches:
Dungeon (5/15)
 Temple: D:4-7

Altars:
Cheibriados
Nemelex Xobeh
Pakellas
Vehumet
Xom

Shops:
D:5 **

Annotations:
D:5 Pikel


Message History

The slave hits you but does no damage.
You barely miss Pikel.
Pikel is almost dead.
Pikel hits you with a whip of electrocution.
You are electrocuted!
* * * LOW HITPOINT WARNING * * *
The slave hits you.
* * * LOW HITPOINT WARNING * * *
You hit Pikel.
You feel better.
Pikel is almost dead.
Pikel hits you with a whip of electrocution.
* * * LOW HITPOINT WARNING * * *
You are electrocuted!
* * * LOW HITPOINT WARNING * * *
The slave hits you but does no damage.
Unknown command.
You closely miss Pikel.
Pikel is almost dead.
Pikel hits you with a whip of electrocution.
You die...

#.# #.####.# #?# #.##...#
#.# #>##.###
#.#######.##.#
###....)<).....#########
#......[.....[.........#
#.#.###.##..##.#######p###
#.#.# #.##..##pK.........#
#.#.###.#...##@###..##.#.#
#.#..##.#..###.(..(.##.#.#
#.##.##.#..# #......##.# #
#)##.##.#..# #..._..##.#
#.##)##.#..# #.......#.#
#.##.##.#..# #.........#
#.##)##.#..# ##.######.#
#.##)##.#..# #.# .#
#.#.#.#.#..####.### #


You could see Pikel and a slave.

Vanquished Creatures
  3 slaves (D:5)
  2 phantoms
  3 ogres
  A scorpion (D:4)
  3 hounds
  3 orc wizards (D:5)
  A giant frog skeleton (D:4)
  An orc priest (D:3)
  An iguana (D:5)
  A worker ant (D:3)
  10 gnolls
  11 adders
  An ooze (D:1)
  3 worms (D:3)
  A dart slug (D:1)
  A giant gecko (D:3)
  24 orcs
  4 bats (D:1)
  3 giant cockroaches
  9 goblins
  5 hobgoblins
  7 jackals
  2 quokkas
  3 ball pythons
  A giant gecko skeleton (D:4)
  5 giant newts
  12 kobolds
  9 rats
130 creatures vanquished.

Vanquished Creatures (others)
  An orc wizard (D:5)
  An orc (D:5)
2 creatures vanquished.

Grand Total: 132 creatures vanquished

Notes
Turn   | Place    | Note
--------------------------------------------------------------
     0 | D:1      | lorenzova the Merfolk Skald began the quest for the Orb.
     0 | D:1      | Reached XP level 1. HP: 16/16 MP: 3/3
    13 | D:1      | Reached skill level 2 in Dodging
    13 | D:1      | Reached XP level 2. HP: 10/23 MP: 0/5
   412 | D:1      | Reached XP level 3. HP: 27/29 MP: 6/6
   518 | D:1      | Found a shimmering altar of Xom.
   595 | D:1      | Reached skill level 3 in Dodging
  1142 | D:2      | Found a sparkling altar of Nemelex Xobeh.
  1262 | D:2      | Reached XP level 4. HP: 32/35 MP: 3/7
  1339 | D:2      | Found a snail-covered altar of Cheibriados.
  1865 | D:3      | Found a faded altar to an unknown god.
  1885 | D:3      | Reached skill level 4 in Dodging
  2632 | D:3      | Reached XP level 5. HP: 29/42 MP: 8/8
  2832 | D:3      | Found a radiant altar of Vehumet.
  2861 | D:3      | Reached skill level 5 in Dodging
  2941 | D:3      | Learned a level 2 spell: Song of Slaying
  3459 | D:3      | Reached XP level 6. HP: 50/50 MP: 2/9
  3475 | D:3      | Reached skill level 5 in Fighting
  3564 | D:4      | Noticed a phantom
  4080 | D:4      | Reached skill level 6 in Dodging
  4210 | D:3      | HP: 2/51 [hound (4)]
  4476 | D:4      | Learned a level 2 spell: Shroud of Golubria
  4507 | D:4      | HP: 1/51 [ogre/giant spiked club (13)]
  4708 | D:3      | Reached XP level 7. HP: 43/57 MP: 10/10
  4835 | D:4      | Reached skill level 7 in Dodging
  5399 | D:4      | Found an oddly glowing altar of Pakellas.
  5538 | D:5      | Entered Level 5 of the Dungeon
  5821 | D:5      | Found a shimmering altar of Xom.
  6177 | D:5      | Noticed Pikel
  6478 | D:4      | Reached XP level 8. HP: 65/65 MP: 12/12
  6653 | D:5      | Found Reihur's General Store.
  6710 | D:5      | Bought a potion of curing for 45 gold pieces
  6710 | D:5      | Bought 2 scrolls of enchant weapon for 225 gold pieces
  6720 | D:5      | Found Jaugoru's Serpentskin Sales.
  6855 | D:5      | HP: 1/65 [Pikel/whip of electrocution (16)]
  6856 | D:5      | Slain by Pikel

Skill      XL: |  1  2  3  4  5  6  7  8 |
---------------+-------------------------+-----
Dodging        | 2 3 4 5 6 7 |  7.7
Fighting       | 3 4 5 6 |  6.5
Spellcasting   | 3 |  3.4
Charms         | 4 |  4.5
Polearms       | 4 |  4.0
Armour         | |  0.6

Action                   |  1- 3 |  4- 6 |  7- 9 || total
-------------------------+-------+-------+-------++-------
Melee: Spear             |   102 |   433 |   378 ||   913
Throw: Throwing net      |       |       |     2 ||     2
 Cast: Infusion          |     4 |    10 |    13 ||    27
       Song of Slaying   |       |     1 |     2 ||     3
  Use: Scroll            |       |     3 |    14 ||    17
       Potion            |       |       |     2 ||     2
 Stab: Sleeping          |       |     3 |       ||     3
       Distracted        |       |     1 |       ||     1
       Invisible         |       |       |     3 ||     3
       Held in net/web   |       |       |     1 ||     1
  Eat: Chunk             |       |    12 |     9 ||    21
       Meat ration       |       |     1 |       ||     1
Armor: Leather armour    |    18 |    64 |       ||    82
       Ring mail         |       |    27 |    78 ||   105
Dodge: Dodged            |    35 |   336 |   209 ||   580
